 Dungeon Crawl Stone Soup version 0.21.0-24-g2553a33 (webtiles) character file.

256 Mgcat the Chopper (level 5, -4/41 HPs)
             Began as a Demonspawn Assassin on Jan 19, 2018.
             Killed by divine providence
             ... invoked by an orc priest
              (14 damage)
             ... on level 4 of the Dungeon.
             The game lasted 00:08:18 (3410 turns).

Mgcat the Chopper (Demonspawn Assassin)             Turns: 3410, Time: 00:08:18

Health: -4/41      AC:  5    Str: 12    XL:     5   Next: 92%
Magic:  5/5        EV: 11    Int: 12    God:
Gold:   208        SH:  0    Dex: 15    Spells: 4/4 levels left

rFire    . . .     SeeInvis .   o - +4 whip
rCold    + . .     Gourm    .   (no shield)
rNeg     . . .     Faith    .   f - +1 leather armour {rC+}
rPois    .         Spirit   .   (no helmet)
rElec    .         Reflect  .   d - +0 cloak
rCorr    .         Harm     .   (no gloves)
MR       .....                  (no boots)
Stlth    ++........             m - amulet of magic regeneration
HPRegen  0.13/turn              (no ring)
MPRegen  0.34/turn              (no ring)

@: no status effects
A: talons 1, demonic guardian 1
a: no special abilities


You were on level 4 of the Dungeon.
You were hungry.

You visited 1 branch of the dungeon, and saw 4 of its levels.

You collected 208 gold pieces.

Inventory:

Hand Weapons
 a - a +1 whip of distortion
 e - a +0 hand axe
 o - a +4 whip (weapon)
Armour
 c - a +0 robe
 d - a +0 cloak (worn)
 f - a +1 leather armour of cold resistance (worn)
 n - a +0 leather armour
Jewellery
 m - an amulet of magic regeneration (around neck)
Scrolls
 h - a scroll of enchant weapon {unknown}
 i - a scroll of amnesia
 k - 3 scrolls of identify
 p - a scroll of enchant armour {unknown}
 q - a scroll of random uselessness {unknown}
 v - 2 scrolls of immolation {unknown}
Potions
 j - a potion of brilliance
 l - 2 potions of resistance
 r - a potion of agility {unknown}
 u - a potion of curing
Books
 s - a book of Maledictions

   Spells                             Type                      Level
   a - Corona                         Hexes                        1
   b - Ensorcelled Hibernation        Hexes/Ice                    2
   c - Confuse                        Hexes                        3
   d - Tukima's Dance                 Hexes                        3
   e - Dazzling Spray                 Conjuration/Hexes            3
Comestibles
 g - 6 rations


   Skills:
 - Level 3.3 Fighting
   Level 1.7 Short Blades
 + Level 4.4(4.5) Axes
 - Level 1.1(3.0) Maces & Flails
 - Level 1.7 Throwing
 - Level 0.8 Dodging
 - Level 3.6 Stealth


You had 4 spell levels left.
You didn't know any spells.

Dungeon Overview and Level Annotations

Branches:
Dungeon (4/15)             Temple (0/1) D:4

Altars:
Fedhas
Kikubaaqudgha
Okawaru
Ru

Shops:
D:4 ?


Innate Abilities, Weirdness & Mutations

You have sharp toenails.
A weak demonic guardian rushes to your aid.


Message History

You closely miss something. Your kick misses something.
Something hits you but does no damage.
Unknown command.
You whack something!
Reactivating autopickup.
You feel a bit more experienced.
Unknown command.
You closely miss the orc priest. You claw the orc priest.
The orc priest is moderately wounded.
Your white imp disappears in a puff of smoke!
The orc priest hits you with a club.
You hit the orc priest but do no damage.
The orc priest is moderately wounded.
The orc priest hits you with a club!
* * * LOW HITPOINT WARNING * * *
You hit the orc priest but do no damage.
The orc priest is moderately wounded.
The orc priest calls down the wrath of Beogh upon you.
Beogh smites you!
You die...

*,* #...# #.# ##'##.#### *,*
#.#.# #.###...#.###. ****,*
#.#.### #..#.......... *,**,*
#.#.#.## ##........###.
,,,*,***###.#..[.###.............
,,,,,,,.............+...........<
,,,,,**#........)###..........###
*,**,**#.##.#.#.5# #.#.......###.
***,,,*#,*#...##@# #.##......###.
* *,*,**,*#..###o# *,*##...#.....
***,,,**,*#..* #.# *,* ##+#####.#
,,,,,*,,,,...* #.# *,* #........#
***,*,,**###***#.#**,* #..####..#
*,,,**,,,*,,,###*,,* #..###...#
***,,***,**,**,****,****.........
,,,,,*_**,**,**,,,,,,,,,....#...#
****,**,**,**,***,,,,,,#...###..#


You could see an orc priest and a friendly shadow imp.

Vanquished Creatures
  2 orc wizards (D:4)
  3 adders
  An adder skeleton (D:4)
  4 worms (D:3)
  6 dart slugs
  A leopard gecko (D:2)
  8 orcs
  5 giant cockroaches
  7 goblins
  3 hobgoblins (D:3)
  5 jackals (D:3)
  13 kobolds
  A quokka (D:2)
  A ball python (D:3)
  10 bats
  A frilled lizard (D:1)
  6 rats
77 creatures vanquished.

Vanquished Creatures (collateral kills)
  The ghost of PeterLawrence the Cudgeler, an amateur MiFi (D:3)
  An orc wizard (D:4)
  2 jackals (D:3)
4 creatures vanquished.

Grand Total: 81 creatures vanquished

Notes
Turn   | Place    | Note
-------+----------+-------------------------------------------
     0 | D:1      | Mgcat the Demonspawn Assassin began the quest for the Orb.
     0 | D:1      | Reached XP level 1. HP: 16/16 MP: 1/1
   234 | D:1      | Gained mutation: A weak demonic guardian rushes to your aid. [demonic ancestry]
   234 | D:1      | Reached XP level 2. HP: 23/23 MP: 2/2
   619 | D:1      | Reached XP level 3. HP: 29/29 MP: 3/3
   637 | D:1      | Reached skill level 1 in Maces & Flails
   788 | D:2      | Found an iron altar of Okawaru.
   838 | D:2      | Found a blossoming altar of Fedhas.
   838 | D:2      | Found an ancient bone altar of Kikubaaqudgha.
  1070 | D:2      | Reached skill level 1 in Axes
  1373 | D:3      | Noticed PeterLawrence's ghost (amateur MiFi)
  1387 | D:3      | Killed PeterLawrence's ghost
  1387 | D:3      | Reached skill level 2 in Axes
  1387 | D:3      | Gained mutation: You have sharp toenails. [demonic ancestry]
  1387 | D:3      | Reached XP level 4. HP: 5/35 MP: 4/4
  1664 | D:3      | Reached skill level 3 in Axes
  2017 | D:3      | Reached XP level 5. HP: 41/41 MP: 5/5
  2244 | D:3      | HP: 1/41 [jackal (3)]
  2954 | D:4      | Found a sacrificial altar of Ru.
  3095 | D:4      | Found Feomen's Magic Scroll Boutique.
  3296 | D:4      | Reached skill level 4 in Axes
  3410 | D:4      | Killed from afar by an orc priest

Skill      XL: |  1  2  3  4  5 |
---------------+----------------+-----
Fighting       | 3 |  3.3
Maces & Flails | 1 |  1.1
Axes           | 2 3 4 |  4.4
Short Blades   | |  1.7
Throwing       | |  1.7
Dodging        | |  0.8
Stealth        | |  3.6

Action                   |  1- 3 |  4- 6 || total
-------------------------+-------+-------++-------
Melee: Dagger            |    20 |       ||    20
       Whip              |    65 |   138 ||   203
       Kick              |       |    31 ||    31
  Use: Potion            |     2 |     1 ||     3
       Scroll            |       |     5 ||     5
 Stab: Sleeping          |    11 |     2 ||    13
       Paralysed         |       |     1 ||     1
  Eat: Chunk             |     1 |     6 ||     7
Armor: Robe              |     4 |       ||     4
       Leather armour    |    21 |    37 ||    58
Dodge: Dodged            |    46 |    51 ||    97
